 Dungeon Crawl Stone Soup version 0.27-a0-668-gb5737ff2c0 (webtiles) character file.

Game seed: 7159951276342508716

179 rageheart7 the Skirmisher (level 5, -1/50 HPs)
             Began as a Hill Orc Abyssal Knight on Mar 18, 2021.
             Was a Believer of Lugonu.
             Slain by an ogre
             ... wielding a +0 giant club
              (24 damage)
             ... on level 4 of the Dungeon.
             The game lasted 00:04:06 (3385 turns).

rageheart7 the Skirmisher (Hill Orc Abyssal Knight) Turns: 3385, Time: 00:04:07

Health: -1/50      AC:  6    Str: 16    XL:     5   Next: 59%
Magic:  6/6        EV: 11    Int: 12    God:    Lugonu [**....]
Gold:   68         SH:  0    Dex: 10    Spells: 4/4 levels left

rFire    . . .     SeeInvis .   q - +1 war axe
rCold    . . .     Faith    .   (no shield)
rNeg     . . .     Spirit   .   b - +0 leather armour
rPois    .         Reflect  .   (no helmet)
rElec    .         Harm     .   k - +1 cloak
rCorr    .         Rampage  .   g - +0 pair of gloves
Will     .....                  (no boots)
Stlth    +.........             (no amulet)
HPRegen  0.16/turn              o - ring of flight
MPRegen  0.10/turn              (no ring)

@: no status effects
A: no striking features
a: Renounce Religion, Evoke Flight, Depart the Abyss, Bend Space


You were on level 4 of the Dungeon.
You worshipped Lugonu.
Lugonu was pleased with you.
You visited 1 branch of the dungeon, and saw 4 of its levels.
You visited the Abyss 1 time.

You collected 68 gold pieces.

Inventory:

Hand Weapons
 q - a +1 war axe (weapon)
Missiles
 c - 2 silver javelins
Armour
 b - a +0 leather armour (worn)
 g - a +0 pair of gloves (worn)
 k - a +1 cloak (worn)
Jewellery
 e - a ring of magical power
 o - a ring of flight (right hand)
Scrolls
 f - a scroll of magic mapping {unknown}
 h - a scroll of enchant armour
Potions
 a - a potion of brilliance
 d - a potion of resistance {unknown}
 j - a potion of might
 l - a potion of invisibility {unknown}
 n - 2 potions of heal wounds {unknown}
 p - a potion of lignification {unknown}


   Skills:
 * Level 5.7 Fighting
 + Level 5.1 Axes
 + Level 2.9 Armour
 - Level 0.7 Dodging
 - Level 2.4 Invocations


You had 4 spell levels left.
You didn't know any spells.
Your spell library contained the following spells:

 Spells                   Type           Power      Damage    Failure   Level
 Animate Skeleton         Necr           0%         N/A       36%         1
 Apportation              Tloc           0%         N/A       36%         1
 Corona                   Hex            0%         N/A       36%         1
 Magic Dart               Conj           0%         1d3       36%         1
 Summon Small Mammal      Summ           0%         N/A       36%         1
 Blink                    Tloc           N/A        N/A       52%         2
 Call Imp                 Summ           0%         N/A       52%         2
 Slow                     Hex            0%         N/A       52%         2
 Confusing Touch          Hex            0%         N/A       75%         3
 Conjure Flame            Conj/Fire      0%         6-21      75%         3
 Gell's Gravitas          Tloc           0%         N/A       75%         3
 Mephitic Cloud           Conj/Pois/Air  0%         N/A       75%         3
 Petrify                  Tmut/Erth      0%         N/A       98%         4
 Metabolic Englaciation   Hex/Ice        0%         N/A       100%        5
 Yara's Violent Unravell  Hex/Tmut       0%         3d3       100%        5


Dungeon Overview and Level Annotations

Branches:
Dungeon (4/15)
 Temple: D:4-7

Altars:
Gozag
Uskayaw


Message History

You start resting.
HP restored.
You open the door.
There is an open door here.
f - a scroll labelled XOGONE PUDE
Things that are here:
a +0 war axe; a +0 leather armour; an orc corpse You now have 68 gold pieces (gained 12).
Things that are here:
a +0 war axe; 2 boomerangs You open the door.
There is an open door here.
An ogre comes into view. It is wielding a +0 giant club.
The ogre moves out of view.
Found a paperback book.
Found a hide-covered altar of Uskayaw.
Found a stone staircase leading down.
Found 8 datura-tipped darts.
An ogre is nearby!
An ogre is nearby!
You open the door. You hit the ogre.
The ogre is lightly wounded.
The ogre closely misses you.
You slash the ogre!
The ogre is moderately wounded.
The ogre barely misses you.
An orc comes into view. It is wielding a +0 war axe.
The ogre barely misses you.
The orc shouts!
You slash the ogre!
The ogre is severely wounded.
The orc throws a stone.
The stone barely misses you.
The ogre hits you with a +0 giant club!!
Ouch! That really hurt!
You are too injured to fight recklessly!
You are too injured to fight recklessly!
Your leather armour prevents you from hitting the ogre.
The ogre is severely wounded.
The ogre hits you with a +0 giant club!!
You die...

(..# .. ... ...#... ..
...#:>. #+##'###+###
.....
...........####..o.
...........#..#..#
...........#..O..#
...........#..@..#...
#########)...#........_.
........')...#..##......
.#########...#..# ......
## #...##'## ....# #
#.......# .....
#.......# ##..
≈..'........# ..
≈.≈≈#........#


You could see an ogre and an orc.

Vanquished Creatures
  A centaur skeleton (D:4)
  An orc priest (D:4)
  5 adders
  An ooze (D:3)
  A worm (D:3)
  3 dart slugs
  3 leopard geckos (D:2)
  2 orcs
  2 ball pythons (D:1)
  3 giant cockroaches
  4 hobgoblins
  8 jackals
  6 kobolds
  A quokka (D:3)
  7 bats
  2 frilled lizards
  4 goblins
  8 rats
62 creatures vanquished.

Vanquished Creatures (others)
  8 toadstools (D:4)
8 creatures vanquished.

Grand Total: 70 creatures vanquished

Notes
Turn   | Place    | Note
-------+----------+-------------------------------------------
     0 | Abyss:1  | rageheart7 the Hill Orc Abyssal Knight began the quest for
                  | the Orb.
     0 | Abyss:1  | Reached XP level 1. HP: 19/19 MP: 2/2
    42 | Abyss:1  | Noticed a tentacled starspawn
    43 | D:1      | Escaped the Abyss
    95 | D:1      | Reached * piety under Lugonu
   242 | D:1      | Reached XP level 2. HP: 18/27 MP: 3/3
   739 | D:1      | Reached XP level 3. HP: 34/34 MP: 4/4
  1327 | D:2      | Reached skill level 5 in Fighting
  1405 | D:2      | Reached ** piety under Lugonu
  1499 | D:2      | Reached XP level 4. HP: 37/42 MP: 5/5
  1917 | D:2      | Found an opulent altar of Gozag.
  2751 | D:3      | Reached XP level 5. HP: 31/46 MP: 6/6
  3191 | D:4      | Reached skill level 5 in Axes
  3378 | D:4      | Found a hide-covered altar of Uskayaw.
  3378 | D:4      | Noticed an ogre
  3385 | D:4      | Slain by an ogre

Illustrated notes

Levels and vault maps discovered:
D:1:      minmay_arrival_nine_rooms, layout_rooms
D:2:      layout_rooms, old_standard_altar
D:3:      layout_basic, chequers_serial_rivers_micro_c
D:4:      cheibrodos_fertilizer, layout_gridville,
          nicolae_overflow_crystal_walls, kennysheep_generic_room_9

Skill      XL: |  1  2  3  4  5 |
---------------+----------------+-----
Fighting       | 4 5 |  5.7
Axes           | 3 4 5 |  5.1
Armour         | |  2.9
Dodging        | |  0.7
Invocations    | |  2.4

Action                   |  1- 3 |  4- 6 || total
-------------------------+-------+-------++-------
Melee: Hand axe          |   109 |    94 ||   203
       War axe           |       |    14 ||    14
Invok: Depart the Abyss  |     1 |       ||     1
  Use: Scroll            |       |     7 ||     7
Armor: Leather armour    |    39 |    36 ||    75
Dodge: Dodged            |    96 |    96 ||   192

Table legend: (Time is in decaauts)
 A = Elapsed time spent in this place.
 B = Non-inter-level travel time spent in this place.
 C = Inter-level travel time spent in this place.
 D = Time resting spent in this place.
 E = Time spent auto-exploring this place.
 F = Levels seen in this place.
 G = Mean time per level.
                   A        B        C        D        E       F      G
               +--------+--------+--------+--------+--------+-----+--------+
         Total |   3411 |   3375 |     36 |   1028 |   1888 |   5 |  682.2 |
       Dungeon |   3368 |   3332 |     36 |   1028 |   1854 |   4 |  842.0 |
         Abyss |     43 |     43 |      0 |      0 |     34 |   1 |   43.0 |
               +--------+--------+--------+--------+--------+-----+--------+

Top non-repeatable levels by time:
     D:2: 1155 daAuts
     D:1: 981 daAuts
     D:3: 940 daAuts
     D:4: 291 daAuts
 Abyss:1: 43 daAuts
